AoeStats
← GratedSalt76014

Runestones

507712893Analyzed
1v1 RM · 12d ago on Sep 19, 2026· 51m 17s· 2 players
Game mode
Random Map
Map size
Tiny (2 player)
Population
200
Speed
Normal
Resources
Standard
Victory
Conquest
Starting age
Dark Age
Ending age
Imperial Age
RankedLock teamsTeams togetherTeam positionsShared explorationLock speedFull tech treeHidden civsTurbo modeCheats
Victory
Defeat
🇩🇪 Celts · Germany
734
+17
🇹🇷 Mongols · Türkiye
747
-17
noHotkeys
0:31 Loom
14:13 Feudal Age
15:41 Wheelbarrow
14:56 Double-Bit Axe
15:06 Horse Collar
19:06 Gold Mining
20:48 Fletching
23:13 Castle Age
24:32 Hand Cart
24:30 Bow Saw
24:23 Bodkin Arrow
24:44 Heavy Plow
24:42 Town Watch
30:40 Gold Shaft Mining
30:30 Stronghold
30:59 Scale Mail Armor
33:10 Town Patrol
33:32 Forging
34:40 Chain Mail Armor
35:01 Iron Casting
40:27 Imperial Age
39:49 Ballistics
41:10 Masonry
41:41 Conscription
41:57 Furor Celtica
42:46 Plate Mail Armor
42:19 Stone Mining
44:38 Blast Furnace
44:19 Elite Woad Raider
46:50 Siege Engineers
GratedSalt76014
7:24 Loom
11:41 Feudal Age
12:40 Double-Bit Axe
18:35 Horse Collar
23:26 Castle Age
22:04 Gold Mining
22:10 Fletching
22:20 Padded Archer Armor
23:36 Wheelbarrow
24:18 Thumb Ring
25:10 Bow Saw
26:12 Gold Shaft Mining
27:06 Bodkin Arrow
27:26 Leather Archer Armor
27:45 Stone Mining
29:37 Stone Shaft Mining
32:03 Ballistics
33:17 Hand Cart
40:37 Imperial Age
38:47 Bloodlines
38:37 Husbandry
40:34 Forging
40:25 Scale Mail Armor
42:17 Conscription
42:27 Drill
41:35 Elite Steppe Lancer
42:59 Iron Casting
43:45 Nomads
43:50 Town Watch
45:08 Blast Furnace
44:24 Chain Mail Armor
44:18 Scale Barding Armor
47:51 Heavy Plow
48:39 Hoardings
49:36 Parthian Tactics
48:32 Heavy Cavalry Archer
Connection lost

Rejoining the realm…

Still unreachable

The connection could not be restored.

Session expired

The server has moved on; the page needs a fresh start.